 Dungeon Crawl Stone Soup version 0.30-a0-916-g9813417 (webtiles) character file.

Game seed: 17104746747077800605

23 Think the Ducker (level 3, -4/26 HPs)
             Began as an Octopode Fighter on Mar 21, 2023.
             Slain by Robin
             ... wielding a +0 spear
              (5 damage)
             ... on level 2 of the Dungeon.
             The game lasted 00:01:41 (686 turns).

Think the Ducker (Octopode Fighter)                  Turns: 686, Time: 00:01:42

Health: -4/26      AC:  1    Str: 15    XL:     3   Next: 0%
Magic:  3/3        EV: 14    Int: 10    God:
Gold:   54         SH:  4    Dex: 13    Spells: 1/2 levels left

rFire   . . .      SeeInvis .    a - +0 long sword
rCold   . . .      Faith    .    b - +0 buckler
rNeg    . . .      Spirit   .    (helmet restricted)
rPois   .          Reflect  .    (no amulet)
rElec   .          Rampage  .    (no ring)
rCorr   .                        (no ring)
Will    .....                    (no ring)
Stlth   ++                       (no ring)
HPRegen 0.24/turn                (no ring)
MPRegen 0.08/turn                (no ring)
                                 (no ring)
                                 (no ring)

@: mighty, slowed, very slow
A: almost no armour, amphibious, 8 rings, camouflage 1, gelatinous body 1,
(nimble swimmer 1), tentacles
a: no special abilities


You were on level 2 of the Dungeon.
You visited 1 branch of the dungeon, and saw 2 of its levels.

You collected 54 gold pieces.

Inventory:

Hand Weapons
 a - a +0 long sword (weapon)
Armour
 b - a +0 buckler (worn)
Scrolls
 d - 3 scrolls of enchant weapon {unknown}
 e - 3 scrolls of teleportation {unknown}
 f - a scroll of noise {unknown}
 g - a scroll of fog {unknown}


   Skills:
 - Level 3.0 Fighting
 - Level 2.0 Long Blades
 + Level 4.1 Dodging
 - Level 3.0 Shields


You had one spell level left.
You knew the following spells:

 Your Spells              Type           Power      Damage    Failure   Level
a - Sandblast             Erth           0%         2d4       45%         1

Your spell library contained the following spells:

 Spells                   Type           Power      Damage    Failure   Level
 Passwall                 Tmut/Erth      0%         N/A       58%         2
 Stone Arrow              Conj/Erth      0%         3d7       83%         3


Dungeon Overview and Level Annotations

Branches:
Dungeon (2/15)

Altars:

Annotations:
D:2 Natasha, Robin


Innate Abilities, Weirdness & Mutations

You cannot wear most types of armour.
You are amphibious.
You can wear up to eight rings at the same time.
Your skin changes colour to match your surroundings (Stealth+).
Your rubbery body absorbs attacks. (AC +1, EV +1)
((You are camouflaged when in or above water. (Stealth+)))
You have tentacles for arms and can constrict up to eight enemies at once.


Message History

You hear a shout!
You see here a rat corpse.
Natasha stares at you and mumbles some strange words.
You feel yourself slow down.
Natasha casts a spell.
Robin throws the goblin at you! The goblin hits you but does no damage.
The goblin attacks as you move away! You block the goblin's attack.
The goblin attacks as you move away! The goblin hits you with a +0 club.
The goblin hits you with a +0 dagger. The goblin attacks as you move away!
The goblin hits you with a +0 club.
A ball python comes into view.
The goblin closely misses you.
Sorry, you're not good enough to have a special ability.
You feel very mighty all of a sudden.
The ball python hisses angrily.
The goblin misses you. Robin throws the goblin at you!
You slash the goblin!
You kill the goblin!
The goblin no longer looks unusually strong. x2
The goblin barely misses you.
Natasha casts a spell.
You block the goblin's attack. The goblin closely misses you.
You block Robin's attack.
Natasha mumbles some strange words.
You have reached level 3!
Your experience leads to an increase in your attributes!
Increase (S)trength, (I)ntelligence, or (D)exterity?
You feel agile. x2
You slash the goblin!
You kill the goblin!
Robin says, "My goblins will feast on your bones."
Robin roars a battlecry!
The goblin goes into a battle-frenzy!
The goblin misses you.
Robin hits you from afar with a +0 spear.
Natasha casts a spell at you. The magic dart hits you!
* * * LOW HITPOINT WARNING * * *
Robin hits you from afar with a +0 spear.
You die...

.... #...(# #.##.........
......#....# #.##g#.##..##
......#....# #.##.#.##..#
.....##....###.#g........
####...............5.......
##+#...............g..........
#.<.....#.#...................
#.>....##.#..#.####g.........#
#......##.#..#.@)g5....#.##..#
##......##.#..#g##hg.#.........
......†..........+...'.........
...........#.##.##...####.##..
...........#....).....# .# .
..#.##.....#.#........# # #.#.
#.##..#.#..####..# # #.
#.##....#..# #..# .......... #
#..#


You could see an iron imp (summoned), Robin (fast), Natasha and 3 goblins.

Vanquished Creatures
  2 endoplasms (D:1)
  2 giant cockroaches
  3 goblins
  3 hobgoblins (D:1)
  A ball python (D:1)
  2 bats (D:1)
  3 kobolds (D:1)
  9 rats
25 creatures vanquished.

Notes
Turn   | Place    | Note
-------+----------+-------------------------------------------
     0 | D:1      | Think the Octopode Fighter began the quest for the Orb.
     0 | D:1      | Reached XP level 1. HP: 16/16 MP: 1/1
   205 | D:1      | Reached XP level 2. HP: 21/21 MP: 2/2
   228 | D:1      | Learned a level 1 spell: Sandblast
   546 | D:1      | Reached skill level 4 in Dodging
   672 | D:2      | Noticed Robin
   674 | D:2      | Noticed Natasha
   686 | D:2      | Reached XP level 3. HP: 12/26 MP: 3/3
   686 | D:2      | HP: 1/26 [Natasha/magic dart (9)]
   686 | D:2      | Slain by Robin

Illustrated notes

Levels and vault maps discovered:
D:1:      dpeg_arrival_ratfight, layout_loops_cross
D:2:      layout_basic, uniq_robin, uniq_crazy_yiuf_cottage, uniq_natasha

Skill      XL: |  1  2 |
---------------+-------+-----
Dodging        | 4 |  4.1
Fighting       | |  3.0
Long Blades    | |  2.0
Shields        | |  3.0

Action                     || total
---------------------------++-------
  Melee: Long sword        ||    38
         Constrict         ||     8
         Tentacles         ||     7
    Use: Potion            ||     1
   Stab: Sleeping          ||     2
 Armour: Skin              ||     4
  Dodge: Dodged            ||    21
  Block: Buckler           ||     6

Table legend: (Time is in decaauts)
 A = Elapsed time spent in this place.
 B = Non-inter-level travel time spent in this place.
 C = Inter-level travel time spent in this place.
 D = Time resting spent in this place.
 E = Time spent auto-exploring this place.
 F = Levels seen in this place.
 G = Mean time per level.
                   A        B        C        D        E       F      G
               +--------+--------+--------+--------+--------+-----+--------+
         Total |    702 |    680 |     22 |      0 |    528 |   2 |  351.0 |
       Dungeon |    702 |    680 |     22 |      0 |    528 |   2 |  351.0 |
               +--------+--------+--------+--------+--------+-----+--------+

Top non-repeatable levels by time:
     D:1: 647 daAuts
     D:2: 54 daAuts
